 Dungeon Sprint DCSS version bcrawl-1.21 (webtiles) character file.

Game seed: 386858401764762266

2219 MordorOrchid the Zephyrmancer (level 9, -3/59 HPs)
             Began as a Fairy Ice Elementalist on Feb 15, 2020.
             Was an Elder of Sif Muna.
             Slain by a yak (4 damage)
             ... in the Dungeon (Sprint IX: "|||||||||||||||||||||||||||||").
             The game lasted 00:07:54 (477 turns).

MordorOrchid the Zephyrmancer (FrIE)                 Turns: 477, Time: 00:07:55

Health: -3/59      AC: 10    Str:  6    XL:     9   Next: 35%
Magic:  10/36      EV: 20    Int: 25    God:    Sif Muna [****..]
Gold:   0          SH:  6    Dex: 13    Spells: 4/26 levels left

rFire    . . .     SeeInvis .   w - staff of power
rCold    . . .     Gourm    .   (shield currently unavailable)
rNeg     . . .     Faith    .   (armour unavailable)
rPois    .         Spirit   .   (no helmet)
rElec    .         Reflect  .   (no cloak)
rCorr    .         Harm     .   p - +0 pair of gloves
MR       .....     NoTele   +   o - +0 pair of boots
Stlth    +.........             (no amulet)
HPRegen  0.19/turn              q - +2 ring of protection
MPRegen  0.25/turn              r - +3 ring of intelligence

@: lethally poisoned (-3 -> -6), divine energy
A: small, magic attunement, unstealthy, unfitting armour, able to fly, AC/SH +6
a: Fly, Stop Divine Energy, Channel Magic, Forget Spell, Renounce Religion


You were in the Dungeon.
You worshipped Sif Muna.
Sif Muna was greatly pleased with you.
You were not hungry.

You visited 1 branch

Inventory:

Hand Weapons
 a - a +2 scimitar of holy wrath
 f - a +0 shortbow
 y - a +2 rapier of electrocution
Missiles
 m - 216 arrows
Armour
 o - a +0 pair of boots (worn)
 p - a +0 pair of gloves (worn)
Magical Staves
 l - an uncursed staff of energy
 w - an uncursed staff of power (weapon)
Jewellery
 q - a +2 ring of protection (left hand)
 r - a +3 ring of intelligence (right hand)
Wands
 b - a wand of iceblast (10)
Scrolls
 i - 4 scrolls of blinking
 j - 3 scrolls of remove curse
 k - 2 scrolls of amnesia
 v - 3 scrolls of fear
 x - 2 scrolls of enchant armour
Potions
 c - 5 potions of heal wounds
 d - 7 potions of curing
 g - 4 potions of magic
 h - a potion of berserk rage
 s - a potion of resistance
 t - a potion of agility
 u - a potion of haste
Comestibles
 e - a ration {!d}
 n - 3 chunks of flesh


   Skills:
 - Level 4.7 Fighting
 - Level 9.2 Dodging
 - Level 1.5 Stealth
 - Level 9.2 Spellcasting
 - Level 5.4 Conjurations
 - Level 4.5 Summonings
 * Level 10.8 Fire Magic
 - Level 9.2 Ice Magic
 * Level 11.1 Air Magic
 - Level 4.1 Invocations
 - Level 5.5 Evocations


You had 4 spell levels left.
You knew the following spells:

 Your Spells              Type           Power        Failure   Level  Hunger
a - Freeze                Ice            ######       1%          1    None
b - Throw Frost           Conj/Ice       #####.       1%          2    None
c - Conjure Flame         Conj/Fire      ######..     1%          3    None
f - Throw Icicle          Conj/Ice       #####...     2%          4    None
h - Lightning Bolt        Conj/Air       ######....   4%          5    None
s - Summon Ice Beast      Ice/Summ       #####...     3%          4    None
y - Ozocubu's Armour      Chrm/Ice       ####....     2%          3    None

Your spell library contained the following spells:

 Spells                   Type           Power        Failure   Level  Hunger
 Static Discharge         Air            ######..     1%          3    None
 Dazzling Spray           Conj/Hex       ####..       5%          3    None
 Stone Arrow              Conj/Erth      ####..       5%          3    None
 Fulminant Prism          Conj/Hex       ####......   17%         4    None
 Fireball                 Conj/Fire      ######....   5%          5    None
 Conjure Ball Lightning   Conj/Air       ######....   26%         6    None
 Bolt of Draining         Conj/Necr      ####......   43%         5    None


Dungeon Overview and Level Annotations

Branches:
Dungeon (1/1)

Altars:
Cheibriados
Dithmenos
Elyvilon
Fedhas
Gozag
Hepliaklqana
Kikubaaqudgha
Lugonu
Makhleb
Nemelex Xobeh
Okawaru
Qazlal
Ru
Sif Muna
Trog
Uskayaw
Vehumet
Wu Jian
Xom
Yredelemnul
Zin
The Shining One
Beogh
Jiyva


Innate Abilities, Weirdness & Mutations

Your spells do not cause hunger and MP costs are reduced by 1.
Your bright wings attract enemies. (Stealth-)
You cannot fit into any form of body armour.
Your shimmering scales are hard and can block incoming attacks. (AC +6, SH +6)
You are small and have problems with some larger weapons.
You can fly continuously.


Message History

Aiming: Throw Icicle (safe; 2% risk of failure)
Press: ? - help, Shift-Dir - straight line, f/p - yak
Aim: a yak (almost dead)
The shard of ice misses the yak.
The yak gores you but does no damage.
Casting: Throw Icicle (safe; 2% risk of failure)
Confirm with . or Enter, or press ? or * to list all spells.
Aiming: Throw Icicle (safe; 2% risk of failure)
Press: ? - help, Shift-Dir - straight line, f/p - yak
Aim: a yak (almost dead)
You miscast Throw Icicle.
Sif Muna protects you from the effects of your miscast!
You feel sick. The yak gores you!
* * * LOW HITPOINT WARNING * * *
Casting: Throw Icicle (safe; 2% risk of failure)
Confirm with . or Enter, or press ? or * to list all spells.
Aiming: Throw Icicle (safe; 2% risk of failure)
Press: ? - help, Shift-Dir - straight line, f/p - yak
Aim: a yak (almost dead)
The shard of ice misses the yak.
The yak gores you.
You die...

▓▓▓▓▓▓▓▓▓▓▓▓▓▓▓▓▓▓▓▓▓▓▓▓▓▓
F....††.Y@..........'.....
▓▓▓▓▓▓▓▓▓▓▓▓▓▓▓▓▓▓▓▓▓▓▓▓▓▓▓▓▓▓▓▓▓
.................................
▓▓▓▓▓▓▓▓▓▓▓▓▓▓▓▓▓▓▓▓▓▓▓▓▓▓▓▓▓▓▓▓▓
__________________'.....).....†..
▓▓▓▓▓▓▓▓▓▓▓▓▓▓▓▓▓▓▓▓▓▓▓▓▓▓▓▓▓▓▓▓▓


You could see a yak.

Vanquished Creatures
  An orc knight (D)
  2 cane toads (D)
  A hippogriff (D)
  A yak (D)
  A soldier ant (D)
  2 crocodiles (D)
  3 water moccasins (D)
  An ogre (D)
  A centaur (D)
  A bullfrog (D)
  A howler monkey (D)
  A crimson imp (D)
  A hound (D)
  A leopard gecko (D)
  4 orcs (D)
  A giant cockroach (D)
  A ball python simulacrum (D)
  A ball python skeleton (D)
  A bat (D)
  A giant cockroach zombie (D)
  3 rats (D)
30 creatures vanquished.

Notes
Turn   | Place    | Note
-------+----------+-------------------------------------------
     0 | D        | MordorOrchid the Fairy Ice Elementalist began the quest for
                  | the Orb.
     0 | D        | Reached XP level 1. HP: 11/11 MP: 6/6
    10 | D        | Reached skill level 1 in Evocations
    19 | D        | Noticed a crimson imp
    19 | D        | Noticed a hound
    22 | D        | Killed a hound
    22 | D        | Reached skill level 1 in Fighting
    22 | D        | Reached skill level 5 in Ice Magic
    22 | D        | Reached XP level 2. HP: 19/19 MP: 6/9
    22 | D        | Reached XP level 3. HP: 24/24 MP: 7/11
    28 | D        | Reached skill level 5 in Spellcasting
    28 | D        | Reached XP level 4. HP: 29/29 MP: 7/13
    34 | D        | Learned a level 4 spell: Throw Icicle
    60 | D        | Found a roughly hewn altar of Beogh.
    60 | D        | Found a snail-covered altar of Cheibriados.
    60 | D        | Found a shadowy altar of Dithmenos.
    60 | D        | Found a white marble altar of Elyvilon.
    60 | D        | Found a blossoming altar of Fedhas.
    60 | D        | Found an opulent altar of Gozag.
    61 | D        | Found a hazy altar of Hepliaklqana.
    62 | D        | Found a viscous altar of Jiyva.
    63 | D        | Found an ancient bone altar of Kikubaaqudgha.
    64 | D        | Found a corrupted altar of Lugonu.
    65 | D        | Found a burning altar of Makhleb.
    66 | D        | Found a sparkling altar of Nemelex Xobeh.
    67 | D        | Found an iron altar of Okawaru.
    68 | D        | Found a stormy altar of Qazlal.
    69 | D        | Found a sacrificial altar of Ru.
    70 | D        | Found a shimmering blue altar of Sif Muna.
    71 | D        | Found a bloodstained altar of Trog.
    72 | D        | Found a hide-covered altar of Uskayaw.
    73 | D        | Found a radiant altar of Vehumet.
    74 | D        | Found an ornate altar of the Wu Jian Council.
    75 | D        | Found a shimmering altar of Xom.
    76 | D        | Found a basalt altar of Yredelemnul.
    77 | D        | Found a glowing silver altar of Zin.
    78 | D        | Became a worshipper of Sif Muna the Loreminder
    79 | D        | Found a glowing golden altar of the Shining One.
   122 | D        | Learned a level 2 spell: Throw Frost
   127 | D        | Learned a level 4 spell: Summon Ice Beast
   131 | D        | Learned a level 3 spell: Ozocubu's Armour
   132 | D        | Noticed a soldier ant
   132 | D        | Noticed an ogre
   132 | D        | Noticed a crocodile
   132 | D        | Noticed a yak
   153 | D        | Killed a yak
   153 | D        | Reached * piety under Sif Muna
   153 | D        | Identified Sif Muna's Tome of Combat Magic (Sif Muna gifted
                  | it to you in the Dungeon)
   153 | D        | Received a gift from Sif Muna
   153 | D        | Reached XP level 5. HP: 23/34 MP: 12/17
   157 | D        | Killed a crocodile
   157 | D        | Reached XP level 6. HP: 27/39 MP: 14/19
   159 | D        | Reached skill level 5 in Conjurations
   159 | D        | Reached skill level 5 in Evocations
   172 | D        | Killed a soldier ant
   172 | D        | Reached ** piety under Sif Muna
   172 | D        | Reached XP level 7. HP: 30/45 MP: 5/21
   173 | D        | Identified Sif Muna's Incunabulum of the Beekeeper (Sif
                  | Muna gifted it to you in the Dungeon)
   173 | D        | Received a gift from Sif Muna
   181 | D        | Learned a level 5 spell: Lightning Bolt
   197 | D        | Learned a level 3 spell: Conjure Flame
   271 | D        | Noticed an orc knight
   278 | D        | Reached skill level 2 in Air Magic
   287 | D        | Killed an orc knight
   287 | D        | Reached skill level 4 in Air Magic
   287 | D        | Reached XP level 8. HP: 48/54 MP: 0/23
   290 | D        | Reached skill level 5 in Fire Magic
   290 | D        | Reached skill level 5 in Air Magic
   454 | D        | Noticed a yak
   454 | D        | Noticed a hippogriff
   457 | D        | Noticed a cane toad
   460 | D        | Identified Sif Muna's Handbook of the Dislocated Mountains
                  | (Sif Muna gifted it to you in the Dungeon)
   460 | D        | Received a gift from Sif Muna
   460 | D        | Reached *** piety under Sif Muna
   460 | D        | Reached skill level 6 in Air Magic
   466 | D        | Killed a hippogriff
   466 | D        | Reached skill level 8 in Air Magic
   467 | D        | Noticed a cane toad
   469 | D        | Identified Uffeohirr's Papyrus of Feathers (Sif Muna gifted
                  | it to you in the Dungeon)
   469 | D        | Received a gift from Sif Muna
   469 | D        | Reached **** piety under Sif Muna
   469 | D        | Reached skill level 9 in Air Magic
   470 | D        | Killed a cane toad
   470 | D        | Reached skill level 10 in Air Magic
   470 | D        | Reached XP level 9. HP: 27/59 MP: 13/24
   471 | D        | Reached skill level 10 in Fire Magic
   471 | D        | Killed a cane toad
   471 | D        | Identified Sif Muna's Almanac of the Volcanoes and Cold
                  | (Sif Muna gifted it to you in the Dungeon)
   471 | D        | Received a gift from Sif Muna
   471 | D        | Reached skill level 11 in Air Magic
   476 | D        | HP: 1/59 [yak (7)]
   477 | D        | Slain by a yak

Skill      XL: |  1  2  3  4  5  6  7  8  9 |
---------------+----------------------------+-----
Dodging        | 4 6 7 9 |  9.2
Spellcasting   | 4 5 7 8 9 |  9.2
Ice Magic      | 5 6 7 8 9 |  9.2
Evocations     | 2 4 5 |  5.5
Fighting       | 1 2 4 |  4.7
Conjurations   | 3 4 5 |  5.4
Summonings     | 2 3 4 |  4.5
Invocations    | 2 3 4 |  4.1
Fire Magic     | 4 9 10 | 10.8
Air Magic      | 4 10 11 | 11.1
Stealth        | |  1.5

Action                   |  1- 3 |  4- 6 |  7- 9 || total
-------------------------+-------+-------+-------++-------
Melee: Rapier            |       |    17 |     3 ||    20
       Unarmed           |       |     7 |       ||     7
 Cast: Freeze            |    10 |    12 |     5 ||    27
       Summon Ice Beast  |       |     2 |     2 ||     4
       Throw Frost       |       |     1 |     2 ||     3
       Throw Icicle      |       |     2 |    18 ||    20
       Conjure Flame     |       |       |     1 ||     1
       Lightning Bolt    |       |       |     3 ||     3
Invok: Divine Energy     |       |       |     1 ||     1
       Channel Magic     |       |       |     1 ||     1
 Abil: Stop Flying       |       |       |     1 ||     1
Evoke: Wand              |       |       |     1 ||     1
  Use: Potion            |     1 |     1 |       ||     2
 Stab: Invisible         |       |     4 |       ||     4
Armor: Skin              |     1 |     2 |     1 ||     4
Dodge: Dodged            |     4 |    21 |    11 ||    36
Block: Other             |     1 |     6 |     5 ||    12
